 Dungeon Crawl Stone Soup version 0.31-a0-234-gad7ace16ef (webtiles) character file.

Game seed: 17361383893338787502

386 Harunobu the Cudgeller (level 6, -1/38 HPs)
             Began as a Gargoyle Gladiator on July 10, 2023.
             Killed by divine providence
             ... invoked by an orc priest
              (12 damage)
             ... on level 7 of the Dungeon.
             The game lasted 00:05:50 (3391 turns).

Harunobu the Cudgeller (Gargoyle Gladiator)         Turns: 3391, Time: 00:05:50

Health: -1/38      AC: 15    Str: 19    XL:     6   Next: 78%
Magic:  6/6        EV:  6    Int:  9    God:
Gold:   189        SH:  0    Dex: 11    Spells: 5/5 levels left

rFire   . . .        k - +0 whip
rCold   . . .        (no shield)
rNeg    + + .        q - +0 plate armour
rPois   ∞            c - +0 helmet
rElec   +            (no cloak)
rCorr   .            (no gloves)
SInv    .            (no boots)
Will    .....        (no amulet) Stlth
                     f - ring of positive energy
HPRegen 0.26/turn    (no ring)
MPRegen 0.10/turn

%: no passive effects
@: no status effects
A: sickness immunity, AC +4, negative energy resistance 1, electricity
resistance, torment resistance 1, petrification resistance
a: no special abilities


You were on level 7 of the Dungeon.
You visited 1 branch of the dungeon, and saw 5 of its levels.

You collected 189 gold pieces.

Inventory:

Hand Weapons
 k - a +0 whip (weapon)
Missiles
 d - 3 throwing nets (quivered)
 e - a javelin
Armour
 c - a +0 helmet (worn)
 q - a +0 plate armour (worn)
Jewellery
 f - a ring of positive energy (left hand)
Scrolls
 g - 4 scrolls of identify
 h - a scroll of enchant weapon {unknown}
 j - a scroll of enchant armour {unknown}
 l - 3 scrolls of teleportation {unknown}
 m - a scroll of brand weapon {unknown}
 o - a scroll of blinking {unknown}
 p - a scroll of immolation {unknown}
Potions
 a - a potion of degeneration {unknown}
 b - a potion of magic
 n - a potion of heal wounds


   Skills:
 + Level 4.1 Fighting
 + Level 4.4 Maces & Flails
 + Level 3.4 Throwing
 + Level 3.7 Dodging


You had 5 spell levels left.
You didn't know any spells.
Your spell library contained the following spells:

 Spells                   Type           Power      Damage    Failure   Level
 Sandblast                Erth           0%         2d4       100%        1
 Blink                    Tloc           0%         N/A       100%        2
 Lesser Beckoning         Tloc           0%         N/A       100%        2
 Momentum Strike          Conj/Tloc      0%         3d8       100%        2
 Passwall                 Tmut/Erth      0%         N/A       100%        2
 Ozocubu's Armour         Ice            0%         N/A       100%        3
 Stone Arrow              Conj/Erth      0%         3d7       100%        3
 Ozocubu's Refrigeration  Ice            0%         4d7       100%        7


Dungeon Overview and Level Annotations

Branches:
Dungeon (4/15)             Temple (0/1) D:4

Altars:
Cheibriados

Shops:
D:2 *   D:3 =


Innate Abilities, Weirdness & Mutations

You are immune to sickness and miasma.
Your stone body is resilient. (AC +4)
You are immune to poison.
You resist negative energy. (rN+)
You are resistant to electric shocks. (rElec)
You are resistant to unholy torment.
You are immune to petrification.


Message History

The howler monkey barely misses you. x2
A bullfrog comes into view.
You barely miss the howler monkey.
The howler monkey is heavily wounded.
The bullfrog croaks.
The gnoll hits you with a +0 whip. The orc hits you with a +0 club.
The howler monkey hits you but does no damage.
The howler monkey hits you.
You closely miss the howler monkey.
The howler monkey is heavily wounded.
The howler monkey hits you but does no damage.
The gnoll hits you with a +0 whip.
An orc comes into view. It is wielding a +0 flail.
The orc hits you but does no damage.
The howler monkey hoots and howls with incredible vigour!
You hear a shout! x2; You hear a bark!
You hear a shout!
You hear a bark!
You hear a shout! x3
You hit the howler monkey but do no damage.
The howler monkey is heavily wounded.
The howler monkey hits you but does no damage.
The gnoll barely misses you.
An orc warrior comes into view. It is wielding a +0 scimitar.
The orc hits you but does no damage. The howler monkey barely misses you.
You barely miss the howler monkey.
The howler monkey is heavily wounded.
The howler monkey hoots and howls with incredible vigour!
The gnoll hits you but does no damage. The orc hits you but does no damage.
An ice beast comes into view.
The howler monkey hits you.
* * * LOW HITPOINT WARNING * * *
You hear a bark!
You hear a shout! x2; You hear a bark!
You hear a shout! x3
As you read the scroll labelled JAOFIL KAYMNIFU, it crumbles to dust.
It is a scroll of identify.
b - a potion of magic The howler monkey completely misses you.
The howler monkey hoots and howls with incredible vigour!
The gnoll hits you but does no damage. The orc hits you but does no damage.
The orc priest invokes the aid of Beogh against you.
Beogh smites you!
You die...

. ............## ..
...##.......###.Y.. ..≈
#................. .g≈.
#.##.........##o.#
.≈≈..##..#............#
≈≈..............o.....#
.......##......#oo..##
.....###......F#hgo..#
..... #.......h@o...#
.... #.......##o...#
##.. ##...#####...## ##
##### ##.## ###


You could see an orc warrior, an ice beast, a bullfrog, 2 howler monkeys, 2 orc
priests, a gnoll and 4 orcs.

Vanquished Creatures
  A phantom (D:4)
  2 hounds
  A jelly (D:4)
  Jessica (D:3)
  Terence (D:2)
  5 adders
  4 gnolls
  2 worms
  3 dart slugs
  5 endoplasms
  2 giant cockroaches
  10 hobgoblins
  5 jackals (D:2)
  A quokka (D:2)
  8 ball pythons
  3 bats (D:1)
  3 frilled lizards
  6 goblins
  12 kobolds
  8 rats
83 creatures vanquished.

Notes
Turn   | Place    | Note
-------+----------+-------------------------------------------
     0 | D:1      | Harunobu the Gargoyle Gladiator began the quest for the
                  | Orb.
     0 | D:1      | Reached XP level 1. HP: 12/12 MP: 1/1
   203 | D:1      | Reached XP level 2. HP: 17/18 MP: 2/2
   672 | D:1      | Reached XP level 3. HP: 22/22 MP: 3/3
   880 | D:2      | Found a snail-covered altar of Cheibriados.
  1239 | D:2      | Reached XP level 4. HP: 25/27 MP: 4/4
  1281 | D:2      | Noticed Terence
  1297 | D:2      | Killed Terence
  1384 | D:2      | Found Wahour's General Store.
  1597 | D:1      | Reached XP level 5. HP: 8/32 MP: 5/5
  2189 | D:3      | Found Wedgheg's Jewellery Boutique.
  2572 | D:3      | Noticed Jessica
  2585 | D:3      | Killed Jessica
  2934 | D:4      | Reached XP level 6. HP: 33/38 MP: 6/6
  3322 | D:4      | Found a staircase to the Ecumenical Temple.
  3326 | D:4      | You fall into a shaft and drop 3 floors!
  3389 | D:7      | Noticed an orc warrior
  3390 | D:7      | Noticed an ice beast
  3391 | D:7      | Killed from afar by an orc priest

Illustrated notes

Levels and vault maps discovered:
D:1:      dpeg_arrival_rooms_a, layout_loops_cross
D:2:      layout_basic, basic_altar, serial_shops, nicolae_shop_tiny_glass,
          st_stairs_10, chequers_serial_rivers_large_b, uniq_terence
D:3:      layout_basic, serial_shops, shop, chequers_mini_garden,
          grunt_decor_cap, minmay_fractal_squares_gapless_5, uniq_jessica
D:4:      layout_rooms, minmay_temple_entry_offerings, minivault_24,
          lightli_minifort
D:7:      layout_cave_pools, mainiacjoe_overflow_catwalk, serial_gnoll_camp,
          gnoll_camp_mini_loothouse, gnoll_camp_mini_house,
          gnoll_camp_medium_01, gnoll_camp_mini_hut, gnoll_camp_huts_moat,
          uniq_menkaure

Skill      XL: |  1  2  3  4  5  6 |
---------------+-------------------+-----
Throwing       | 2 3 |  3.4
Fighting       | 3 4 |  4.1
Dodging        | 3 |  3.7
Maces & Flails | 4 |  4.4

Action                     |  1- 3 |  4- 6 || total
---------------------------+-------+-------++-------
  Melee: Flail             |   105 |    41 ||   146
         Whip              |       |   233 ||   233
         Punch             |       |     3 ||     3
    Use: Scroll            |       |     1 ||     1
 Armour: Scale mail        |    57 |    65 ||   122
         Leather armour    |     4 |       ||     4
         Plate armour      |       |   129 ||   129
  Dodge: Dodged            |    70 |   116 ||   186

Table legend: (Time is in decaauts)
 A = Elapsed time spent in this place.
 B = Non-inter-level travel time spent in this place.
 C = Inter-level travel time spent in this place.
 D = Time resting spent in this place.
 E = Time spent auto-exploring this place.
 F = Levels seen in this place.
 G = Mean time per level.
                   A        B        C        D        E       F      G
               +--------+--------+--------+--------+--------+-----+--------+
         Total |   3428 |   3358 |     70 |    928 |   1515 |   5 |  685.6 |
       Dungeon |   3428 |   3358 |     70 |    928 |   1515 |   5 |  685.6 |
               +--------+--------+--------+--------+--------+-----+--------+

Top non-repeatable levels by time:
     D:2: 1222 daAuts
     D:1: 965 daAuts
     D:3: 770 daAuts
     D:4: 409 daAuts
     D:7: 60 daAuts
